 Dungeon Crawl Stone Soup version 0.21-a0-578-gc6e9d75 (webtiles) character file.

287965 polly the Axe Maniac (level 19, -1/206 HPs)
             Began as a Minotaur Berserker on Dec 18, 2017.
             Was the Champion of Trog.
             Slain by a spriggan air mage (9 damage)
             ... on level 3 of the Depths on Dec 19, 2017.
             The game lasted 01:48:36 (43027 turns).

polly the Axe Maniac (Minotaur Berserker)          Turns: 43027, Time: 01:48:36

Health: -1/206     AC: 23    Str: 33    XL:     19   Next: 87%
Magic:  20/20      EV: 13    Int:  8    God:    Trog [******]
Gold:   3086       SH:  5    Dex: 21    Spells: 18/18 levels left

rFire    . . .     SeeInvis .   I - +5 executioner's axe "Pipnoquv" {chop, *Contam +Inv Int+2 Dex+4}
rCold    . . .     Gourm    .   (shield currently unavailable)
rNeg     . . .     Faith    .   f - +0 plate armour
rPois    +         Spirit   .   (helmet restricted)
rElec    .         Reflect  +   O - +2 cloak {rPois}
rCorr    .         Harm     .   u - +1 pair of gloves
MR       ++...                  Y - +1 pair of boots
Stlth    ..........             Z - +5 amulet of reflection
HPRegen  0.44/turn              E - ring "Gafeweu" {Str+4 Int+2}
MPRegen  0.17/turn              D - ring "Woganu" {Str+2 Dex+4 Slay+1}

@: corroded, berserk cooldown, very slightly contaminated, slowed, very slow
A: retaliatory headbutt, hooves 1, horns 2, magic resistance 1, robust 1
}: 2/15 runes: decaying, serpentine
a: Berserk, Trog's Hand, Brothers in Arms, Burn Spellbooks, Renounce Religion,
Evoke Invisibility


You were on level 3 of the Depths.
You worshipped Trog.
Trog was exalted by your worship.
You were near starving.

You visited 7 branches of the dungeon, and saw 35 of its levels.
You also visited: Labyrinth and Ice Cave.

You collected 4038 gold pieces.
You spent 952 gold pieces at shops.

Inventory:

Hand Weapons
 I - the +5 executioner's axe "Pipnoquv" (weapon) {chop, *Contam +Inv Int+2 Dex+4}
   (Trog gifted it to you on level 11 of the Dungeon)

   It inflicts extra damage upon your enemies.
   It affects your intelligence (+2).
   It affects your dexterity (+4).
   It lets you turn invisible.
   It causes magical contamination when unequipped.
Missiles
 J - a throwing net (quivered)
Armour
 f - a +0 plate armour (worn)
 r - a +2 large shield
 t - a scarf of spirit shield
 u - a +1 pair of gloves (worn)
 O - a +2 cloak of poison resistance (worn)
 Y - a +1 pair of boots (worn)
Jewellery
 k - the amulet "Atoiwesm" {RegenMP rPois rC+ Dex+4}
   (You took it off a minotaur in a labyrinth)

   [amulet of magic regeneration]

   It increases your magic regeneration.
   It affects your dexterity (+4).
   It protects you from cold.
   It protects you from poison.
 x - the ring "Hafud" {Ice rN++ SInv}
   (You found it in an ice cave)

   [ring of ice]

   It enhances your ice magic.
   It makes you vulnerable to fire.
   It protects you from cold.
   It greatly protects you from negative energy.
   It lets you see invisible.
 C - an uncursed ring of protection from fire
 D - the ring "Woganu" (right hand) {Str+2 Dex+4 Slay+1}
   (You found it on level 4 of the Snake Pit)

   [ring of slaying]

   It affects your strength (+2).
   It affects your dexterity (+4).
   It affects your accuracy and damage with ranged weapons and melee attacks
   (+1).
 E - the ring "Gafeweu" (left hand) {Str+4 Int+2}
   (You bought it in a shop on level 2 of the Snake Pit)

   [ring of intelligence]

   It affects your strength (+4).
   It affects your intelligence (+2).
 G - a cursed -3 ring of protection {unknown}
 M - an uncursed ring of see invisible
 X - an uncursed ring of protection from cold
 Z - a +5 amulet of reflection (around neck)
Wands
 b - a wand of iceblast (30)
 F - a wand of scattershot (16)
 L - a wand of digging (44)
 W - a wand of clouds (12)
Scrolls
 e - 16 scrolls of teleportation
 g - 14 scrolls of remove curse
 l - 4 scrolls of enchant weapon
 m - 4 scrolls of immolation
 n - 5 scrolls of fog
 p - 4 scrolls of vulnerability
 v - 5 scrolls of magic mapping
 w - 4 scrolls of enchant armour
 y - a scroll of acquirement
 z - a scroll of summoning
 A - 2 scrolls of torment
 K - 2 scrolls of blinking
 P - a scroll of brand weapon
 Q - 4 scrolls of identify
 S - 4 scrolls of fear
 U - a scroll of holy word
Potions
 a - a potion of invisibility
 d - 9 potions of flight
 h - 8 potions of haste
 i - 4 potions of curing
 j - 6 potions of might
 o - 5 potions of heal wounds
 s - 2 potions of cancellation
 H - 2 potions of resistance
 R - 3 potions of agility
 T - 2 potions of mutation
 V - 2 potions of brilliance
Miscellaneous
 q - a phial of floods
 B - a box of beasts
Comestibles
 c - 57 rations


   Skills:
 + Level 20.8 Fighting
 O Level 27 Axes
 + Level 18.1 Armour
 + Level 5.3 Dodging
 + Level 3.4 Stealth
 + Level 8.8 Shields
 + Level 2.7 Evocations


You had 18 spell levels left.
You didn't know any spells.

Dungeon Overview and Level Annotations

Branches:
Dungeon (15/15)            Temple (0/1) D:4            Lair (6/6) D:11
  Swamp (4/4) Lair:4        Snake (4/4) Lair:3        Slime (0/5) Lair:5
    Orc (2/2) D:11            Elf (1/3) Orc:2        Vaults (0/5) D:13
 Depths (3/5) D:15

Altars:
Dithmenos
Fedhas
Gozag
Hepliaklqana
Kikubaaqudgha
Makhleb
Ru
Sif Muna
Trog
Uskayaw
Xom
Zin
Beogh
Jiyva

Shops:
D:14 [   Orc:2 (*}!(   Snake:1 :   Snake:2 ?:=:   Depths:1 *}%%

Portals:
Hell: Depths:1 Depths:2


Innate Abilities, Weirdness & Mutations

You reflexively headbutt those who attack you in melee.
You have a pair of horns on your head.
You have large cloven feet.
You are resistant to hostile enchantments. (MR+)
You are robust. (+10% HP)


Message History

The stone giant hits you but does no damage.
Okay, then.
You fail to use your ability.
The spriggan air mage closely misses you.
You block the stone giant's attack.
A fire giant comes into view.
It is wielding a great sword of flaming.
The fire giant points at you and mumbles some strange words.
The bolt of fire hits you!
* * * LOW HITPOINT WARNING * * *
The spriggan air mage barely misses you.
Blink to where?
Press: ? - help, Dir - move target cursor You are very lightly contaminated with residual magic.
As you read the scroll of blinking, it crumbles to dust.
The stone giant throws a large rock.
The large rock hits you!!
* * * LOW HITPOINT WARNING * * *
The stone giant throws a large rock.
The large rock hits you!!
* * * LOW HITPOINT WARNING * * *
The spriggan air mage hits you!
You die...

##..##
##....##
#......##
#..#'ยง#..##
#..##C.##..#
#..#
#C.#.#).#
#..# #.)##
#..# ..#
#)i# #=.# $#
#>@# #?#
#### ##


You could see a fire giant, a stone giant and a spriggan air mage.

Vanquished Creatures
  Vashnia (Snake:3)
  Jorgrun (D:15)
  5 liches
  A titan (Depths:3)
  3 sphinxes
  A thorn hunter (Swamp:3)
  2 tengu reavers
  A shadow dragon (Depths:2)
  10 nagarajas
  A fire giant (Depths:2)
  3 deep elf sorcerers (Depths:2)
  2 frost giants (Depths:2)
  Aizul (Swamp:3)
  8 very ugly things
  3 stone giants
  A dire elephant (Lair:4)
  3 spark wasps
  An ettin (Depths:1)
  The ghost of MaxFrost the Spear-Bearer, a journeyman DrCj of Vehumet (Lair:3)
  A minotaur (Lab)
  2 jiangshi (Depths:2)
  6 fire dragons
  3 rakshasas
  2 great orbs of eyes (Depths:2)
  3 yaktaur captains
  12 naga warriors
  Erolcha (Orc:1)
  28 hydras
  A ghost crab (Swamp:4)
  4 ice dragons
  A catoblepas (Lair:6)
  A death knight (D:15)
  10 ogre magi (Depths:2)
  7 alligators
  8 two-headed ogres
  3 centaur warriors
  17 anacondas
  4 deep troll shamans
  3 deep troll earth magi (Depths:2)
  A vampire mage (Depths:2)
  5 orc high priests (Orc:2)
  A spriggan berserker (Depths:3)
  3 tengu warriors
  5 shock serpents
  14 naga sharpshooters
  A deep elf knight (Elf:1)
  A hell knight (Depths:3)
  5 salamander mystics
  2 glowing orange brains
  A death drake (shapeshifter) (D:14)
  2 deep elf archers (Elf:1)
  12 deep trolls
  7 wizards
  A lindwurm (Lair:6)
  3 shambling mangroves
  4 naga ritualists
  A necromancer (D:13)
  2 phantasmal warriors
  9 swamp dragons
  A wolf spider zombie (D:14)
  5 large abominations (Depths:1)
  8 deep elf magi
  A harpy (shapeshifter) (D:15)
  3 oklob plants (Lair:5)
  6 mana vipers
  8 orc knights
  20 ugly things
  2 orc sorcerers (Orc:1)
  The ghost of Bofadeez the Destroyer, a novice DrCj of Vehumet (D:7)
  A wolf spider (Lair:6)
  3 manticores
  A salamander (shapeshifter) (Depths:2)
  A mana viper (shapeshifter) (D:15)
  18 elephants (Lair:4)
  A manticore (shapeshifter) (D:15)
  13 salamanders
  A cyclops (D:12)
  Maurice (D:11)
  42 black mambas
  2 ice statues (IceCv)
  6 torpor snails
  Psyche (D:9)
  3 centaur zombies
  18 guardian serpents
  21 naga magi
  2 gargoyles
  A rime drake (Lair:6)
  24 spiny frogs
  An efreet (D:14)
  14 yaktaurs
  4 kobold demonologists
  2 freezing wraiths
  11 komodo dragons
  A tengu conjurer (Depths:2)
  A queen bee (Lair:2)
  15 hornets
  4 trolls
  6 meliai
  A hornet (shapeshifter) (D:15)
  2 polar bears (shapeshifter)
  29 slime creatures
  10 tyrant leeches
  15 bog bodies
  A raiju (shapeshifter) (D:15)
  6 hippogriffs
  3 redbacks (Lair:6)
  A shadow (Swamp:4)
  The ghost of Muataran the Caller, an amateur TeSu (D:4)
  A water elemental (Depths:1)
  32 yaks
  9 spriggans
  A human (shapeshifter) (D:14)
  2 wraiths
  Eustachio (D:5)
  A tarantella (shapeshifter) (Depths:2)
  15 wyverns (Lair:6)
  A hungry ghost (D:10)
  A basilisk (D:14)
  2 steam dragons
  13 vampire mosquitoes
  A warg (D:11)
  Menkaure (D:4)
  35 nagas
  21 swamp worms
  An acid dragon (D:14)
  7 insubstantial wisps
  5 porcupines
  20 water moccasins
  16 swamp drakes
  4 black bears
  26 orc warriors
  An eye of draining (D:10)
  2 phantoms
  22 ice beasts
  11 ogres
  3 wolves (Lair:3)
  13 centaurs
  8 crocodiles
  2 big kobolds
  15 bullfrogs
  7 small abominations (Depths:1)
  A wyvern skeleton (D:12)
  4 scorpions
  A water moccasin skeleton (D:8)
  25 killer bees (Lair:2)
  3 howler monkeys
  5 electric eels
  4 crimson imps
  7 hounds
  3 bullfrog zombies
  A quasit (D:3)
  4 bullfrog skeletons
  5 jellies
  22 orc priests
  14 orc wizards
  5 iguanas
  Jessica (D:2)
  3 centaur skeletons
  Terence (D:2)
  Natasha (twice) (D:2)
  5 hell rats (Lair:3)
  9 worker ants
  A hound skeleton (D:4)
  2 worker ant zombies
  4 gnolls (D:10)
  20 adders
  4 shadow imps
  2 adder zombies (D:8)
  An adder skeleton (D:5)
  A worm (D:2)
  A dart slug (D:4)
  2 leopard geckos
  86 orcs
  5 ball pythons
  2 bats
  3 giant cockroaches
  7 goblins
  6 hobgoblins
  7 jackals
  7 quokkas
  2 frilled lizards
  22 kobolds
  2 leopard gecko zombies
  A quokka skeleton (D:4)
  7 rats
  7 briar patches (Swamp:3)
  8 fungi
  6 plants
1230 creatures vanquished.

Vanquished Creatures (others)
  A spriggan druid (Swamp:2)
  A shambling mangrove (Swamp:4)
  2 yaktaurs (Depths:1)
  A tyrant leech (Swamp:4)
  A swamp drake (Swamp:4)
  An orc wizard (D:11)
  A bush (Swamp:4)
  88 fungi
  46 plants
142 creatures vanquished.

Grand Total: 1372 creatures vanquished

Notes
Turn   | Place    | Note
-------+----------+-------------------------------------------
     0 | D:1      | polly the Minotaur Berserker began the quest for the Orb.
     0 | D:1      | Reached XP level 1. HP: 19/19 MP: 0/0
   103 | D:1      | Reached XP level 2. HP: 23/27 MP: 1/1
   140 | D:1      | Reached skill level 4 in Axes
   471 | D:2      | Reached XP level 3. HP: 24/34 MP: 2/2
   508 | D:2      | Noticed Natasha
   512 | D:2      | Killed Natasha
   517 | D:2      | Reached XP level 4. HP: 29/41 MP: 3/3
   539 | D:2      | Noticed Jessica
   543 | D:2      | Killed Jessica
   549 | D:2      | Noticed Natasha
   554 | D:2      | Killed Natasha
   554 | D:2      | Reached skill level 5 in Fighting
   554 | D:2      | Reached skill level 5 in Axes
   582 | D:2      | Found a burning altar of Makhleb.
   586 | D:2      | Reached XP level 5. HP: 35/48 MP: 4/4
   633 | D:2      | Noticed Terence
   639 | D:2      | Killed Terence
   639 | D:2      | Reached ** piety under Trog
   797 | D:2      | Found a hide-covered altar of Uskayaw.
   947 | D:3      | Noticed an ogre
   958 | D:3      | Killed an ogre
   958 | D:3      | Reached skill level 6 in Axes
   958 | D:3      | Reached XP level 6. HP: 36/56 MP: 5/5
  1057 | D:3      | Found an ancient bone altar of Kikubaaqudgha.
  1058 | D:3      | Found a hazy altar of Hepliaklqana.
  1060 | D:3      | Found a sacrificial altar of Ru.
  1062 | D:3      | Found an opulent altar of Gozag.
  1081 | D:3      | Found a glowing silver altar of Zin.
  1580 | D:4      | Reached skill level 7 in Axes
  1630 | D:4      | Noticed Menkaure
  1638 | D:4      | Killed Menkaure
  1638 | D:4      | Reached XP level 7. HP: 30/62 MP: 6/6
  1835 | D:4      | Noticed Muataran's ghost (amateur TeSu)
  1848 | D:4      | Killed Muataran's ghost
  1848 | D:4      | Reached skill level 8 in Axes
  1848 | D:4      | Reached skill level 5 in Armour
  1910 | D:4      | Reached *** piety under Trog
  2106 | D:4      | Reached XP level 8. HP: 62/70 MP: 7/7
  2388 | D:4      | Found a staircase to the Ecumenical Temple.
  2572 | D:5      | Entered Level 5 of the Dungeon
  2675 | D:5      | Reached skill level 9 in Axes
  2903 | D:5      | Found a shimmering altar of Xom.
  2926 | D:5      | Noticed Eustachio
  2938 | D:5      | Killed Eustachio
  3104 | D:5      | Found a blossoming altar of Fedhas.
  3159 | D:6      | Reached skill level 10 in Axes
  3357 | D:6      | Reached XP level 9. HP: 79/79 MP: 8/8
  3379 | D:6      | Reached **** piety under Trog
  3425 | D:6      | Reached skill level 11 in Axes
  4125 | D:7      | Noticed Bofadeez's ghost (novice DrCj)
  4161 | D:7      | Killed Bofadeez's ghost
  4161 | D:7      | Received a gift from Trog
  4774 | D:8      | Reached skill level 12 in Axes
  4849 | D:8      | Found a shadowy altar of Dithmenos.
  5014 | D:8      | Noticed a two-headed ogre
  5028 | D:8      | Killed a two-headed ogre
  5028 | D:8      | Reached skill level 1 in Stealth
  5028 | D:8      | Reached XP level 10. HP: 46/91 MP: 3/9
  5198 | D:8      | Reached ***** piety under Trog
  5553 | D:9      | Noticed Psyche
  5556 | D:9      | Killed Psyche
  5581 | D:9      | Reached skill level 13 in Axes
  5646 | D:9      | Noticed a two-headed ogre
  5655 | D:9      | Killed a two-headed ogre
  6150 | D:9      | Found a bloodstained altar of Trog.
  6440 | D:10     | Entered Level 10 of the Dungeon
  6452 | D:10     | Reached skill level 10 in Fighting
  6527 | D:10     | Reached skill level 10 in Armour
  6834 | D:10     | Reached skill level 14 in Axes
  6847 | D:10     | Noticed a two-headed ogre
  6854 | D:10     | Killed a two-headed ogre
  6877 | D:10     | Reached XP level 11. HP: 77/100 MP: 8/10
  6975 | D:10     | Noticed a two-headed ogre
  6979 | D:10     | Reached skill level 1 in Shields
  6984 | D:10     | Killed a two-headed ogre
  7501 | D:11     | Noticed a green ugly thing
  7520 | D:11     | Killed a green ugly thing
  7520 | D:11     | Received a gift from Trog
  7525 | D:11     | Got a crude executioner's axe {god gift}
  7531 | D:11     | Identified the +5 executioner's axe "Pipnoquv" {chop, *Contam +Inv Int+2 Dex+4} (Trog gifted it to you on level 11 of the Dungeon)
  7564 | D:11     | Noticed Maurice
  7574 | D:11     | Killed Maurice
  7614 | D:11     | Noticed a centaur warrior
  7622 | D:11     | Killed a centaur warrior
  7630 | D:11     | Found a staircase to the Orcish Mines.
  7676 | D:11     | Reached skill level 15 in Axes
  7734 | D:11     | Found a hazy altar of Hepliaklqana.
  7858 | D:11     | Found a labyrinth entrance.
  7865 | Lab      | Entered a labyrinth
  8202 | Lab      | Noticed a minotaur
  8211 | Lab      | Killed a minotaur
  8213 | Lab      | Got an ancient platinum amulet
  8328 | D:11     | Identified the amulet "Atoiwesm" {RegenMP rPois rC+ Dex+4} (You took it off a minotaur in a labyrinth)
  8363 | D:11     | Noticed a brown ugly thing
  8368 | D:11     | Killed a brown ugly thing
  8524 | D:11     | Found a staircase to the Lair.
  9214 | D:12     | Reached XP level 12. HP: 105/111 MP: 11/11
  9217 | D:12     | Reached skill level 16 in Axes
  9315 | D:12     | Found a bloodstained altar of Trog.
 10111 | Lair:1   | Entered Level 1 of the Lair of Beasts
 10166 | Lair:1   | Received a gift from Trog
 10253 | Lair:1   | Noticed a five-headed hydra
 10257 | Lair:1   | Killed a five-headed hydra
 10257 | Lair:1   | Reached skill level 17 in Axes
 10296 | Lair:1   | Found a bloodstained altar of Trog.
 10500 | Lair:1   | Noticed an eight-headed hydra
 10505 | Lair:1   | Killed an 11-headed hydra
 11113 | Lair:2   | Noticed a four-headed hydra
 11118 | Lair:2   | Killed a five-headed hydra
 11914 | Lair:3   | Noticed MaxFrost's ghost (journeyman DrCj)
 11923 | Lair:3   | Killed MaxFrost's ghost
 11928 | Lair:3   | Reached XP level 13. HP: 102/119 MP: 10/12
 12052 | Lair:3   | Found a frozen archway.
 12075 | IceCv    | Entered an ice cave
 12076 | IceCv    | Found a transporter.
 12083 | IceCv    | Reached skill level 18 in Axes
 12376 | IceCv    | Got a twitching steel ring
 12379 | IceCv    | Identified the ring "Hafud" {Ice rN++ SInv} (You found it in an ice cave)
 12431 | Lair:3   | Found a staircase to the Snake Pit.
 12437 | Lair:3   | Received a gift from Trog
 13370 | Lair:4   | Reached skill level 19 in Axes
 13976 | Lair:4   | Found a staircase to the Swamp.
 14390 | Lair:4   | Noticed a dire elephant
 14398 | Lair:4   | Killed a dire elephant
 14818 | Lair:5   | Reached skill level 1 in Evocations
 15149 | Lair:5   | Reached XP level 14. HP: 126/130 MP: 14/14
 15590 | Lair:5   | Found a viscous altar of Jiyva.
 15591 | Lair:5   | Found a staircase to the Slime Pits.
 15871 | Lair:5   | Received a gift from Trog
 16081 | Lair:6   | Entered Level 6 of the Lair of Beasts
 16590 | Lair:6   | Reached skill level 20 in Axes
 17221 | Lair:6   | Paralysed by a hornet for 2 turns
 17698 | Lair:6   | Found a runed door.
 18491 | Orc:1    | Entered Level 1 of the Orcish Mines
 18505 | Orc:1    | Noticed Erolcha
 18511 | Orc:1    | Killed Erolcha
 18533 | Orc:1    | Received a gift from Trog
 18533 | Orc:1    | Paralysed by an orc sorcerer for 4 turns
 19139 | Orc:2    | Entered Level 2 of the Orcish Mines
 19326 | Orc:2    | Found Ireur's Antique Weapon Shop.
 19725 | Orc:2    | Reached skill level 21 in Axes
 20245 | Orc:2    | Reached XP level 15. HP: 104/139 MP: 13/15
 20935 | Orc:2    | Found Hirutopt's Distillery.
 20935 | Orc:2    | Found Eneipibb's Weapon Boutique.
 20936 | Orc:2    | Found Kaan's Gadget Shop.
 20936 | Orc:2    | Found Vucrucij's Assorted Antiques.
 21017 | Orc:2    | Found a staircase to the Elven Halls.
 21250 | Swamp:1  | Entered Level 1 of the Swamp
 21256 | Swamp:1  | Received a gift from Trog
 21256 | Swamp:1  | Reached skill level 15 in Fighting
 22369 | Swamp:2  | Reached skill level 15 in Armour
 22374 | Swamp:2  | Noticed a thorn hunter
 23050 | Swamp:2  | Reached ****** piety under Trog
 23548 | Swamp:3  | Received a gift from Trog
 24271 | Swamp:3  | Noticed Aizul
 24271 | Swamp:3  | Reached skill level 22 in Axes
 24284 | Swamp:3  | Killed Aizul
 24917 | Swamp:3  | Killed a thorn hunter
 25479 | Swamp:4  | Entered Level 4 of the Swamp
 25495 | Swamp:4  | Paralysed by a hornet for 3 turns
 26027 | Swamp:4  | Reached XP level 16. HP: 101/151 MP: 16/16
 26041 | Swamp:4  | Received a gift from Trog
 26466 | Swamp:4  | Got a decaying rune of Zot
 27889 | Snake:1  | Entered Level 1 of the Snake Pit
 27920 | Snake:1  | Reached skill level 23 in Axes
 28244 | Snake:1  | Found Jutrog's Book Shop.
 28655 | Snake:1  | Gained mutation: You are resistant to hostile enchantments. (MR+) [potion of mutation]
 28655 | Snake:1  | Gained mutation: You evolve. [potion of mutation]
 28655 | Snake:1  | Gained mutation: You are robust. (+10% HP) [potion of mutation]
 29250 | Snake:1  | Identified the Papyrus of Confrontation
 29559 | Snake:2  | Received a gift from Trog
 30033 | Snake:2  | Found Muipt's Jewellery Emporium.
 30033 | Snake:2  | Found Woimmod's Book Shoppe.
 30042 | Snake:2  | Found Umacumea's Magic Scroll Shoppe.
 30043 | Snake:2  | Found Xonuxoshre's Book Emporium.
 30078 | Snake:2  | Bought the ring "Gafeweu" {Str+4 Int+2} for 412 gold pieces
 30078 | Snake:2  | Bought an uncursed amulet of regeneration for 540 gold pieces
 30150 | Snake:2  | Reached skill level 5 in Shields
 30469 | Snake:2  | Gained mutation: You have large cloven feet. [evolution]
 30469 | Snake:2  | Lost mutation: You evolve. [end of evolution]
 30699 | Snake:3  | Noticed Vashnia
 30715 | Snake:3  | Killed Vashnia
 31088 | Snake:3  | Reached XP level 17. HP: 170/177 MP: 17/17
 31365 | Snake:3  | Received a gift from Trog
 31445 | Snake:3  | Reached skill level 24 in Axes
 31581 | Snake:4  | Entered Level 4 of the Snake Pit
 32557 | Snake:4  | Got a flickering turquoise ring
 32604 | Snake:4  | Received a gift from Trog
 33534 | Snake:4  | Received a gift from Trog
 33559 | Snake:4  | Reached skill level 25 in Axes
 33853 | Snake:4  | Got a serpentine rune of Zot
 34316 | Elf:1    | Entered Level 1 of the Elven Halls
 34325 | Orc:2    | Identified the ring "Woganu" {Str+2 Dex+4 Slay+1} (You found it on level 4 of the Snake Pit)
 34349 | Elf:1    | Reached XP level 18. HP: 175/189 MP: 18/18
 34852 | D:13     | Found a gate to the Vaults.
 35508 | D:14     | Found Durib's Armour Shoppe.
 35769 | D:14     | Found a roughly hewn altar of Beogh.
 35901 | D:14     | Received a gift from Trog
 36477 | D:15     | Entered Level 15 of the Dungeon
 36667 | D:15     | Found an ancient bone altar of Kikubaaqudgha.
 37052 | D:15     | Found a staircase to the Depths.
 37164 | Depths:1 | Entered Level 1 of the Depths
 37181 | Depths:1 | Noticed Jorgrun
 37638 | D:15     | Killed Jorgrun
 37840 | Depths:1 | Reached skill level 26 in Axes
 38842 | Depths:1 | Reached skill level 5 in Dodging
 39231 | Depths:1 | Found Tuijuac's Food Shoppe.
 39232 | Depths:1 | Found Xaytappo's Food Boutique.
 39263 | Depths:1 | Found a gateway to Hell.
 39361 | Depths:1 | Noticed a lich
 39366 | Depths:1 | Killed a lich
 39408 | Depths:1 | Found Teoforaiwk's Assorted Antiques.
 39516 | Depths:1 | Received a gift from Trog
 39664 | Depths:1 | Found Xomuirghe's Gadget Emporium.
 39889 | Depths:2 | Reached XP level 19. HP: 151/201 MP: 19/19
 40371 | Depths:2 | Noticed a lich
 40381 | Depths:2 | Killed a lich
 40861 | Depths:2 | Received a gift from Trog
 41544 | Depths:2 | Identified the Collected Works on Assistive Transmutation
 41557 | Depths:2 | Identified the Handbook of Spatial Beguiling
 41598 | Depths:2 | Found a deep blue altar of Sif Muna.
 41882 | Depths:2 | Identified a scroll of acquirement
 41890 | Depths:2 | Got a brightly glowing ivory amulet
 41907 | Depths:2 | Identified the amulet of Yfyxiwac {Inacc rPois rF+} (You found it on level 2 of the Depths)
 41933 | Depths:2 | Noticed a lich
 41938 | Depths:2 | Killed a lich
 42020 | Depths:2 | Identified Sif Muna's Papyrus of Transformation
 42050 | Depths:2 | Identified Igacun's Catalogue of Entrancing Displacement
 42572 | Depths:2 | Received a gift from Trog
 43008 | Depths:3 | Noticed a lich
 43013 | Depths:3 | Killed a lich
 43013 | Depths:3 | Reached skill level 27 in Axes
 43027 | Depths:3 | HP: 8/206 [stone giant/large rock (19)]
 43027 | Depths:3 | Slain by a spriggan air mage

Vault maps used:
D:1:      dpeg_arrival_pond, hangedman_decor_push
D:2:      lemuel_round_altar, makhleb_heckhound_becter, uniq_jessica,
          uniq_natasha, uniq_terence
D:3:      grunt_temple_overflow_open, first_ration
D:4:      temple_statues, minmay_misc_feat_square, uniq_menkaure
D:5:      kennysheep_little_box, marbit_many_paths, kennysheep_generic_room_15,
          uniq_eustachio
D:6:      cheibrodos_barr_body
D:8:      grunt_dithmenos_smoke
D:9:      basic_altar, uniq_psyche
D:10:     grunt_ogre_cave
D:11:     grunt_lair_entry_orc_guard_hut, david_orc_3, basic_altar,
          lab_entry_generic, uniq_maurice
D:12:     bloody_trog
D:13:     david_vaults_1
D:14:     minmay_mutant_horseshoe, minmay_fountain_box, serial_shops, shop,
          david_defended_altar_orc
D:15:     gammafunk_enter_depths_forms, old_standard_altar
Lair:1:   basic_altar
Lair:2:   infiniplex_staircase_pool
Lair:3:   minmay_snake_entry_six_corridors, portal_ice_cave_entry_ice_beasts,
          lemuel_fruit_fields
Lair:4:   mu_elephants_graveyard, minmay_swamp_entry_eels
Lair:5:   dpeg_slime_entry_enclosed_altar, wad_woods_01, lemuel_fruit_tree,
          minmay_lair_oklob_chamber, lemuel_fruit_fields
Lair:6:   wormcave, hangedman_lair_tendril_chambers
Swamp:1:  evilmike_swamp_ruin_rubble_2
Swamp:2:  evilmike_swamp_ruin_rubble_1, swamp_pool4
Swamp:3:  serial_swamp_ruin, evilmike_swamp_ruin_house_1,
          evilmike_swamp_ruin_house_2, uniq_aizul
Swamp:4:  grunt_swamp_rune_castle, swamp_pool5
Snake:1:  hangedman_cross_veins, serial_shops, shop_fountains,
          basic_loot_grate_trap
Snake:2:  minmay_shoptagon, grunt_megastairs_4
Snake:3:  nicolae_snake_squiggles, nrook_guardian_serpent_double, uniq_vashnia
Snake:4:  grunt_snake_rune_serpentine_throne
Orc:1:    nicolae_orc_flooded_monolith, uniq_erolcha
Orc:2:    st_orc_pillars, serial_shops, nicolae_shop_statue_plus
Elf:1:    eino_elf_arrival_shootout, minivault_28, hangedman_elf_represent,
          uniq_frances
Depths:1: fountainhead, serial_shops, bzr_entry_road, kennysheep_mini_moat,
          shop, nicolae_shop_temple_entry_statues_fountains, shop, hell_entry,
          nicolae_sextant, laboratory, uniq_jorgrun
Depths:2: evilmike_library_of_no_secrets, columned_hall_lemuel, pf_coc_iceberg,
          kennysheep_two_boxes
Depths:3: hangedman_arrow_trap, infiniplex_staircase_squiggle,
          rand_demon_pan_entry_7, grunt_hell_entry_dis_mu,
          kennysheep_nondecorative_pillar
Lab:      labyrinth_mini_lab, nicolae_lab_blocks, labyrinth_fake_exit,
          labyrinth_lava_lair, nicolae_lab_grate_2
IceCv:    ice_cave_statue_garden_teleport

Skill      XL: |  1  2  3  4  5  6  7  8  9 10 11 12 13 14 15 16 17 18 19 |
---------------+----------------------------------------------------------+-----
Fighting       | 4 5 6 7 9 10 11 12 13 14 15 17 18 19 20 | 20.8
Axes           | 4 5 6 7 8 10 12 14 15 17 19 21 22 23 25 26 27 | 27.0
Armour         | 3 4 6 7 9 10 11 12 13 14 15 16 17 18 | 18.1
Dodging        | 3 4 5 |  5.3
Stealth        | 1 2 3 |  3.4
Shields        | 3 4 5 6 7 8 |  8.8
Evocations     | 1 2 |  2.7

Action                   |  1- 3 |  4- 6 |  7- 9 | 10-12 | 13-15 | 16-18 | 19-21 || total
-------------------------+-------+-------+-------+-------+-------+-------+-------++-------
Melee: Hand axe          |    42 |   113 |   424 |       |       |       |       ||   579
       Headbutt          |     4 |    20 |    85 |   103 |   245 |   269 |    64 ||   790
       War axe           |       |       |       |   154 |       |       |       ||   154
       Executioner's axe |       |       |       |   243 |   900 |   877 |   187 ||  2207
Throw: Throwing net      |       |       |       |       |       |     1 |       ||     1
Invok: Berserk           |       |     2 |     4 |     4 |    19 |    13 |     4 ||    46
       Burn Spellbooks   |       |       |     2 |     3 |     3 |     6 |     4 ||    18
       Trog's Hand       |       |       |       |       |     1 |       |       ||     1
Evoke: Wand              |       |       |       |     4 |     9 |     1 |     5 ||    19
       Phial of floods   |       |       |       |       |     3 |       |       ||     3
       Box of beasts     |       |       |       |       |     5 |       |       ||     5
  Use: Scroll            |       |       |     2 |    15 |    14 |     4 |     4 ||    39
       Potion            |       |       |       |     1 |     7 |     2 |     1 ||    11
 Stab: Distracted        |       |       |       |       |     2 |       |       ||     2
       Invisible         |       |       |       |       |     5 |     3 |       ||     8
  Eat: Chunk             |       |     2 |    14 |    14 |    27 |     9 |     2 ||    68
       Ration            |       |       |     1 |     3 |    11 |    14 |     3 ||    32
Armor: Animal skin       |     1 |       |       |       |       |       |       ||     1
       Plate armour      |    18 |    69 |   244 |   284 |   608 |   510 |    95 ||  1828
Dodge: Dodged            |    28 |    50 |   151 |   192 |   637 |   434 |    69 ||  1561
Block: Large shield      |       |       |       |    36 |       |       |       ||    36
       Other             |       |       |       |       |    44 |   202 |    31 ||   277
       Reflection        |       |       |       |       |       |    31 |     3 ||    34

Table legend:
 A = Spawn XP
 B = Non-spawn XP
 C = Spawn XP percentage of total XP
 D = Spawn monster count
 E = Non-spawn monster count
 F = Spawn count percentage of total count
 G = Total turns spent on level
                    A         B        C        D         E        F      G
               +---------+---------+-------+---------+---------+-------+---------
         Total |       0 |  462414 |   0.0 |       0 |    1214 |   0.0 | 43027
               +---------+---------+-------+---------+---------+-------+---------
           D:1 |       0 |      24 |   0.0 |       0 |      14 |   0.0 |   450
           D:2 |       0 |     261 |   0.0 |       0 |      17 |   0.0 |   487
           D:3 |       0 |     244 |   0.0 |       0 |      30 |   0.0 |   628
           D:4 |       0 |    1148 |   0.0 |       0 |      30 |   0.0 |  1007
           D:5 |       0 |     792 |   0.0 |       0 |      19 |   0.0 |   576
           D:6 |       0 |    1412 |   0.0 |       0 |      34 |   0.0 |   945
           D:7 |       0 |     855 |   0.0 |       0 |      20 |   0.0 |   640
           D:8 |       0 |    1575 |   0.0 |       0 |      14 |   0.0 |   595
           D:9 |       0 |    2588 |   0.0 |       0 |      19 |   0.0 |  1112
          D:10 |       0 |    3625 |   0.0 |       0 |      30 |   0.0 |  1025
          D:11 |       0 |    7073 |   0.0 |       0 |      38 |   0.0 |  1201
          D:12 |       0 |    6484 |   0.0 |       0 |      33 |   0.0 |  1157
          D:13 |       0 |    8770 |   0.0 |       0 |      25 |   0.0 |   742
          D:14 |       0 |    7579 |   0.0 |       0 |      25 |   0.0 |  1100
          D:15 |       0 |   19081 |   0.0 |       0 |      36 |   0.0 |  2615
        Lair:1 |       0 |    4502 |   0.0 |       0 |      13 |   0.0 |   704
        Lair:2 |       0 |    5115 |   0.0 |       0 |      37 |   0.0 |  1150
        Lair:3 |       0 |    7281 |   0.0 |       0 |      46 |   0.0 |   893
        Lair:4 |       0 |   14642 |   0.0 |       0 |      35 |   0.0 |  1792
        Lair:5 |       0 |    6080 |   0.0 |       0 |      22 |   0.0 |  1547
        Lair:6 |       0 |   25547 |   0.0 |       0 |      76 |   0.0 |  2041
       Swamp:1 |       0 |    9125 |   0.0 |       0 |      32 |   0.0 |   887
       Swamp:2 |       0 |    9002 |   0.0 |       0 |      27 |   0.0 |  1200
       Swamp:3 |       0 |   16218 |   0.0 |       0 |      37 |   0.0 |  2360
       Swamp:4 |       0 |   29439 |   0.0 |       0 |      61 |   0.0 |  2160
       Snake:1 |       0 |   18168 |   0.0 |       0 |      31 |   0.0 |  1670
       Snake:2 |       0 |   15501 |   0.0 |       0 |      29 |   0.0 |  1494
       Snake:3 |       0 |   17049 |   0.0 |       0 |      21 |   0.0 |   612
       Snake:4 |       0 |   65164 |   0.0 |       0 |     102 |   0.0 |  2493
         Orc:1 |       0 |    3435 |   0.0 |       0 |      21 |   0.0 |  1012
         Orc:2 |       0 |   12312 |   0.0 |       0 |      72 |   0.0 |  1952
         Elf:1 |       0 |    5207 |   0.0 |       0 |       8 |   0.0 |    59
      Depths:1 |       0 |   37965 |   0.0 |       0 |      55 |   0.0 |   737
      Depths:2 |       0 |   82045 |   0.0 |       0 |      86 |   0.0 |  3033
      Depths:3 |       0 |   13415 |   0.0 |       0 |       8 |   0.0 |   165
           Lab |       0 |    1078 |   0.0 |       0 |       1 |   0.0 |   459
         IceCv |       0 |    2613 |   0.0 |       0 |      10 |   0.0 |   327
               +---------+---------+-------+---------+---------+-------+---------
